 Dungeon Crawl Stone Soup version 0.21.0-3-g78d12a8 (webtiles) character file.

473 Megalobster the Spear-Bearer (level 7, 0/81 HPs)
             Began as a Merfolk Gladiator on Jan 13, 2018.
             Slain by an orc wizard
             ... wielding a +0 dagger
              (1 damage)
             ... on level 4 of the Dungeon.
             The game lasted 00:13:48 (3935 turns).

Megalobster the Spear-Bearer (Merfolk Gladiator)    Turns: 3935, Time: 00:13:49

Health: 0/81       AC: 23    Str: 21    XL:     7   Next: 10%
Magic:  7/7        EV:  2    Int: 12    God:
Gold:   266        SH:  0    Dex: 16    Spells: 6/6 levels left

rFire    . . .     SeeInvis .   a - +0 trident
rCold    . . .     Gourm    +   (no shield)
rNeg     + + +     Faith    .   (armour currently unavailable)
rPois    +         Spirit   .   (helmet currently unavailable)
rElec    .         Reflect  .   (cloak currently unavailable)
rCorr    .         Harm     .   (gloves currently unavailable)
MR       .....     NoTele   +   (boots currently unavailable)
Stlth    +.........             k - amulet of the gourmand
HPRegen  0.23/turn              (no ring)
MPRegen  0.10/turn              (no ring)

@: mighty, brilliant, tree-form, hasted, very quick
A: (change form in water), (swift swim), (stealthy swim)
a: no special abilities


You were on level 4 of the Dungeon.
You were very full.
You were a tree.
You visited 1 branch of the dungeon, and saw 4 of its levels.

You collected 266 gold pieces.

Inventory:

Hand Weapons
 a - a +0 trident (weapon)
Missiles
 d - 3 throwing nets (quivered) {!f}
Armour
 h - a +0 shield
 i - a +0 pair of gloves (melded)
 s - a scarf of spirit shield (melded)
 y - a +2 ring mail of cold resistance (melded)
 A - a +0 helmet (melded)
Jewellery
 k - an amulet of the gourmand (around neck)
Scrolls
 b - a scroll of immolation {unknown}
 c - a scroll of enchant weapon {unknown}
 e - 2 scrolls of teleportation {unknown}
 j - 2 scrolls of remove curse {unknown}
 m - 2 scrolls of identify {unknown}
 u - a scroll of fear {unknown}
 v - 2 scrolls of enchant armour {unknown}
Potions
 g - 3 potions of lignification
 o - a potion of might
 q - a potion of haste
 r - 2 potions of curing {@q1}
 t - a potion of heal wounds {unknown}
 z - a potion of berserk rage {unknown}
Comestibles
 f - 3 rations


   Skills:
 + Level 4.0 Fighting
 * Level 8.1 Polearms
 - Level 2.0 Throwing
 * Level 6.9 Dodging


You had 6 spell levels left.
You didn't know any spells.

Dungeon Overview and Level Annotations

Branches:
Dungeon (4/15)             Temple (0/1) D:4

Altars:
Qazlal
Uskayaw
Wu Jian


Message History

You hear some strange, mumbled words.
A magic dart appears from out of thin air!
The magic dart hits you!
* * * LOW HITPOINT WARNING * * *
You take 7 damage, and have 2/81 hp.
It was a potion of might.
You feel very mighty all of a sudden. Something hits you but does no damage.
It was a potion of magic.
Magic courses through your body. Something hits you but does no damage.
The orc priest begins to cast a cantrip, but forgets the words!
MP restored: 7 It was a potion of curing.
You feel better.
The orc priest mumbles some strange prayers to Beogh against you.
Beogh smites you!
* * * LOW HITPOINT WARNING * * *
Something hits you but does no damage.
You take 1 damage, and have 1/81 hp.
It was a potion of haste.
You feel yourself speed up. Something hits you.
You die...

#.##..# #..##.......
#.##..###..####.####
#.##............# #
#.........#.##### #
###..##.###.# #
#.###.# #.# ######
#.# #.# #(# #.....
#.# #.###.###.####
#♣# #......[..# #{#
#####.##### #o# #.#
#o# #.# #o# #.#
###w# #.# #...# #.#
########.#.# #.
..oo...o...#


You could see a worm, 2 orc priests and an orc.

Vanquished Creatures
  A scorpion (D:4)
  A bullfrog skeleton (D:4)
  3 orc priests (D:3)
  Natasha (D:3)
  2 orc wizards (D:3)
  A worker ant (D:4)
  Robin (D:3)
  8 adders
  A shadow imp (D:3)
  2 dart slugs
  2 leopard geckos
  15 orcs
  A bat zombie (D:2)
  2 giant cockroaches
  11 goblins
  13 hobgoblins
  4 jackals (D:3)
  2 ball pythons
  7 bats
  4 frilled lizards
  4 kobolds
  21 rats
107 creatures vanquished.

Notes
Turn   | Place    | Note
-------+----------+-------------------------------------------
     0 | D:1      | Megalobster the Merfolk Gladiator began the quest for the Orb.
     0 | D:1      | Reached XP level 1. HP: 16/16 MP: 1/1
    28 | D:1      | Reached XP level 2. HP: 23/23 MP: 2/2
    38 | D:1      | Reached skill level 5 in Polearms
   530 | D:1      | Reached XP level 3. HP: 27/28 MP: 3/3
   977 | D:2      | Found a hide-covered altar of Uskayaw.
  1010 | D:2      | Found a transporter.
  1012 | D:2      | Found a transporter.
  1018 | D:2      | Found an ornate altar of the Wu Jian Council.
  1391 | D:2      | Reached XP level 4. HP: 21/34 MP: 4/4
  1742 | D:3      | Reached skill level 6 in Polearms
  1865 | D:3      | Reached skill level 5 in Dodging
  2129 | D:3      | Found a stormy altar of Qazlal.
  2149 | D:3      | Reached XP level 5. HP: 35/41 MP: 3/5
  2476 | D:3      | Reached skill level 7 in Polearms
  2491 | D:3      | Reached XP level 6. HP: 47/47 MP: 6/6
  2734 | D:3      | Noticed Robin
  2749 | D:3      | Killed Robin
  3169 | D:3      | Noticed Natasha
  3177 | D:3      | Killed Natasha
  3691 | D:4      | Reached skill level 8 in Polearms
  3706 | D:4      | Reached XP level 7. HP: 40/54 MP: 3/7
  3902 | D:4      | Found a staircase to the Ecumenical Temple.
  3931 | D:4      | HP: 2/81 [something/magic dart (6)]
  3935 | D:4      | Slain by an orc wizard

Skill      XL: |  1  2  3  4  5  6 |
---------------+-------------------+-----
Polearms       | 5 6 7 8 |  8.1
Fighting       | 3 4 |  4.0
Dodging        | 5 6 |  6.9
Throwing       | |  2.0

Action                   |  1- 3 |  4- 6 |  7- 9 || total
-------------------------+-------+-------+-------++-------
Melee: Trident           |   115 |   216 |    22 ||   353
  Use: Potion            |       |       |     6 ||     6
 Stab: Sleeping          |     2 |       |       ||     2
       Distracted        |     1 |       |       ||     1
  Eat: Chunk             |     1 |    14 |       ||    15
       Ration            |       |     1 |       ||     1
Armor: Leather armour    |    15 |       |       ||    15
       Scale mail        |    29 |    43 |       ||    72
       Ring mail         |       |    18 |     6 ||    24
       Skin              |       |       |     6 ||     6
Dodge: Dodged            |    60 |   100 |    15 ||   175
